 Dungeon Crawl Stone Soup version 0.23-a0-269-g65e0026 (webtiles) character file.

166 Irenicus the Digger (level 5, -10/42 HPs)
             Began as a Deep Dwarf Earth Elementalist on Sept 30, 2018.
             Killed by divine providence
             ... invoked by an orc priest
              (11 damage)
             ... on level 3 of the Dungeon.
             The game lasted 00:12:06 (1346 turns).

Irenicus the Digger (Deep Dwarf Earth Elementalist) Turns: 1346, Time: 00:12:06

Health: -10/42     AC:  2    Str: 12      XL:     5   Next: 22%
Magic:  0/7        EV: 12    Int: 15 (16) God:
Gold:   120        SH:  0    Dex: 13      Spells: 5/8 levels left

rFire    . . .     SeeInvis .   e - +0 dagger
rCold    . . .     Gourm    .   (no shield)
rNeg     . . .     Faith    .   c - +0 robe
rPois    .         Spirit   .   (no helmet)
rElec    .         Reflect  .   (no cloak)
rCorr    .         Harm     .   (no gloves)
MR       .....                  (no boots)
Stlth    ++........             (no amulet)
HPRegen  0.00/turn              (no ring)
MPRegen  0.10/turn              (no ring)

@: non-regenerating
A: damage resistance, heal wounds, deterioration 1, mutation resistance 1, sense
surroundings 1, no regeneration
a: Heal Wounds


You were on level 3 of the Dungeon.
You were very hungry.

You visited 1 branch of the dungeon, and saw 3 of its levels.

You collected 120 gold pieces.

Inventory:

Hand Weapons
 e - a +0 dagger (weapon)
   (You took it off a kobold on level 1 of the Dungeon)
Missiles
 b - 81 stones (quivered)
Armour
 c - a +0 robe (worn)
Scrolls
 h - a scroll of enchant armour {unknown}
 i - a scroll of enchant weapon {unknown}
 j - a scroll of magic mapping {!r}
Potions
 g - a potion of cancellation
Comestibles
 d - 10 rations


   Skills:
 - Level 2.1 Dodging
 - Level 3.1 Stealth
 - Level 2.0 Spellcasting
 - Level 0.8 Transmutations
 + Level 7.5 Earth Magic


You had 5 spell levels left.
You knew the following spells:

 Your Spells              Type           Power        Failure   Level  Hunger
a - Sandblast             Erth           ###...       1%          1    #......
b - Passwall              Tmut/Erth      ##......     6%          2    ###....

Your spell library contained the following spells:

 Spells                   Type           Power        Failure   Level  Hunger
 Stone Arrow              Conj/Erth      ##....       14%         3    ###....
 Lee's Rapid Deconstruct  Erth           ###.......   28%         5    ######.
 Petrify                  Tmut/Erth      ##......     36%         4    #####..


Dungeon Overview and Level Annotations

Branches:
Dungeon (3/15)

Altars:
Cheibriados


Innate Abilities, Weirdness & Mutations

You are resistant to damage.
You can heal yourself by infusing magical energy.
You passively map a small area around you.
You do not regenerate.
Your body sometimes deteriorates upon taking damage.
You are somewhat resistant to further mutation.


Message History

You now have 0/8 mp.
It was a potion of flight.
You feel very buoyant.
You fly up into the air.
The orc priest hits you. The orc misses you.
Okay, then.
Aim: an orc priest, wearing a chain mail (lightly wounded)
The blast of sand hits the orc priest.
b - 84 stones The orc priest misses you.
You now have 0/8 mp.
You hit the orc priest but do no damage.
The orc priest mumbles some strange prayers to Beogh against you.
You struggle to resist.
The orc misses you.
You barely miss the orc priest. The orc priest misses you.
The orc barely misses you.
The orc priest calls down the wrath of Beogh upon you.
You struggle to resist.
You closely miss the orc. The orc closely misses you.
You barely miss the orc.
The orc priest calls down the wrath of Beogh upon you.
Beogh smites you!
* * * LOW HITPOINT WARNING * * *
The orc closely misses you.
You take 12 damage, and have 8/42 hp.
MASSIVE DAMAGE!!
Your magical essence is drained by the effort!
You feel much better. The orc barely misses you.
You regained 22 hp, and now have 30/42 hp.
You hit the orc but do no damage. The orc barely misses you.
You completely miss the orc. The orc misses you.
Aim: an orc priest, wearing a chain mail (severely wounded)
The blast of sand hits the orc.
You kill the orc!
b - 83 stones The orc priest mumbles some strange prayers to Beogh against you.
You struggle to resist.
You now have 0/7 mp.
The orc priest completely misses you.
You see here a whip.
You closely miss the orc priest.
You are starting to lose your buoyancy.
The orc priest closely misses you.
You completely miss the orc priest. The orc priest completely misses you.
You closely miss the orc priest. The orc priest misses you.
You hit the orc priest but do no damage.
The orc priest hits you.
You don't have enough magic to cast that spell.
You barely miss the orc priest.
The orc priest looks braver for a moment.
You hit the orc priest but do no damage.
The orc priest hits you.
You take 2 damage, and have 28/42 hp.
You hit the orc priest but do no damage.
The orc priest looks satisfied for a moment.
You barely miss the orc priest.
You are no longer poisoned.
The orc priest looks braver for a moment.
Aim: an orc priest, wearing a chain mail (heavily wounded)
The blast of sand hits the orc priest.
b - 82 stones The orc priest hits you.
You take 1 damage, and have 27/42 hp.
You now have 0/7 mp.
You don't have enough magic to cast that spell.
You hit the orc priest but do no damage.
You float gracefully downwards.
The orc priest calls down the wrath of Beogh upon you.
Beogh smites you!
Your body deteriorates!
You feel dopey.
You take 7 damage, and have 20/42 hp.
You closely miss the orc priest.
The orc priest calls down the wrath of Beogh upon you.
You struggle to resist.
You completely miss the orc priest.
The orc priest hits you but does no damage.
You hit the orc priest but do no damage.
The orc priest hits you.
You take 1 damage, and have 19/42 hp.
You hit the orc priest but do no damage.
The orc priest invokes the aid of Beogh against you.
Beogh smites you!
* * * LOW HITPOINT WARNING * * *
You take 11 damage, and have 8/42 hp.
MASSIVE DAMAGE!!
You hit the orc priest but do no damage.
The orc priest hits you.
* * * LOW HITPOINT WARNING * * *
You take 1 damage, and have 7/42 hp.
You hit the orc priest but do no damage.
The orc priest calls down the wrath of Beogh upon you.
Pain shoots through your body!
* * * LOW HITPOINT WARNING * * *
You take 3 damage, and have 4/42 hp.
You don't have enough magic to cast that spell.
You fail to use your ability.
The orc priest hits you.
* * * LOW HITPOINT WARNING * * *
You take 3 damage, and have 1/42 hp.
Aim: an orc priest, wearing a chain mail (heavily wounded)
The blast of sand hits the orc priest.
b - 81 stones The orc priest calls down the wrath of Beogh upon you.
Beogh smites you!
You die...

####### ###### ....(..
#....########### .....o.###
#............... >.....)..##
#............# ?....).#).#
#............# , .......#..#
#..........†.#
.......#..###....#######.###
*
.......#..o@.....(...###....
*.#########.##....###.#......
,* #.......# ,#......
#...##### ...###... * #...#*
.... ,#... ,..... , ...
...... ..##.## * #. ...#...
,... #.# ...#... *, * ..,+...


You could see an orc priest.

Vanquished Creatures
  An orc priest (D:3)
  5 adders
  2 oozes
  2 worms (D:2)
  A dart slug (D:2)
  5 leopard geckos
  3 orcs (D:3)
  A ball python (D:2)
  4 bats
  6 giant cockroaches
  7 goblins
  5 hobgoblins
  7 jackals (D:2)
  A quokka (D:2)
  5 frilled lizards
  7 kobolds
  3 rats
65 creatures vanquished.

Notes
Turn   | Place    | Note
-------+----------+-------------------------------------------
     0 | D:1      | Irenicus the Deep Dwarf Earth Elementalist began the quest
                  | for the Orb.
     0 | D:1      | Reached XP level 1. HP: 15/15 MP: 3/3
   167 | D:1      | Found a snail-covered altar of Cheibriados.
   268 | D:1      | Reached skill level 2 in Spellcasting
   351 | D:1      | Reached XP level 2. HP: 22/22 MP: 3/5
   381 | D:1      | Reached skill level 3 in Stealth
   399 | D:1      | Learned a level 2 spell: Passwall
   624 | D:2      | Reached skill level 5 in Earth Magic
   632 | D:2      | Reached XP level 3. HP: 21/28 MP: 2/6
   768 | D:2      | Reached skill level 6 in Earth Magic
   770 | D:2      | Reached XP level 4. HP: 25/36 MP: 0/7
  1024 | D:2      | Gained mutation: Your body sometimes deteriorates upon
                  | taking damage. [potion of mutation]
  1024 | D:2      | Gained mutation: You are somewhat resistant to further
                  | mutation. [potion of mutation]
  1288 | D:3      | Reached skill level 7 in Earth Magic
  1306 | D:3      | Reached XP level 5. HP: 20/42 MP: 4/8
  1323 | D:3      | HP: 8/42 [orc priest/divine providence (12)]
  1342 | D:3      | HP: 8/42 [orc priest/divine providence (11)]
  1345 | D:3      | HP: 1/42 [orc priest (3)]
  1346 | D:3      | Killed from afar by an orc priest

Vault maps used:
D:1:      lemuel_arrival_hallway, cheibriados_altar_1
D:2:      serial_bayou, serial_bayou_pond_e, serial_bayou_lagoon_a,
          serial_bayou_pond_b, serial_bayou_shore_a, serial_bayou_crossing,
          serial_bayou_ford_a, minmay_randomly_rotated_circles
D:3:      uniq_jessica

Skill      XL: |  1  2  3  4 |
---------------+-------------+-----
Spellcasting   | 2 |  2.0
Stealth        | 3 |  3.1
Earth Magic    | 5 6 7 |  7.5
Dodging        | |  2.1
Transmutations | |  0.8

Action                   |  1- 3 |  4- 6 || total
-------------------------+-------+-------++-------
Melee: Dagger            |    20 |    77 ||    97
 Cast: Sandblast         |    32 |    45 ||    77
       Passwall          |     1 |     5 ||     6
 Abil: Heal Wounds       |       |     1 ||     1
  Use: Scroll            |     2 |     2 ||     4
       Potion            |       |     4 ||     4
 Stab: Sleeping          |     7 |     2 ||     9
  Eat: Chunk             |       |     2 ||     2
Armor: Robe              |     5 |    23 ||    28
Dodge: Dodged            |    17 |    85 ||   102

Table legend:
 A = Non-vault XP
 B = Vault XP
 C = Vault XP percentage of total XP
 D = Non-vault monster count
 E = Vault monster count
 F = Vault count percentage of total count
                 A         B        C        D         E       F
            +---------+---------+-------+---------+---------+-------
      Total |     186 |      52 |  21.8 |      53 |      12 |  18.5
            +---------+---------+-------+---------+---------+-------
        D:1 |      35 |       0 |   0.0 |      17 |       0 |   0.0
        D:2 |      86 |      52 |  37.7 |      31 |      12 |  27.9
        D:3 |      65 |       0 |   0.0 |       5 |       0 |   0.0
            +---------+---------+-------+---------+---------+-------

Vault maps used:
D:1:      lemuel_arrival_hallway, cheibriados_altar_1
D:2:      serial_bayou, serial_bayou_pond_e, serial_bayou_lagoon_a,
          serial_bayou_pond_b, serial_bayou_shore_a, serial_bayou_crossing,
          serial_bayou_ford_a, minmay_randomly_rotated_circles
D:3:      uniq_jessica

Table legend:
 A = Turns spent in this place as a percentage of turns spent in the entire game.
 B = Non-inter-level travel turns spent in this place as a percentage of non-inter-level travel turns spent in the entire game.
 C = Inter-level travel turns spent in this place as a percentage of turns spent in this place.
 D = Turns resting spent in this place as a percentage of non-inter-level travel turns spent in this place.
 E = Turns spent auto-exploring this place as a percentage of non-inter-level travel turns spent in this place.
 F = Non-inter-level travel turns spent in this place divided by the number of levels of this place that you've seen.
                   A       B       C       D       E      F
               +-------+-------+-------+-------+-------+----------------------
         Total | 100.0 | 100.0 |   0.0 |   0.0 |   0.0 | 448.7
       Dungeon | 100.0 | 100.0 |   0.0 |   0.0 |   0.0 | 448.7
               +-------+-------+-------+-------+-------+----------------------

Table legend:
 A = Kills in this place as a percentage of kills in entire the game.
 B = Kills by you in this place as a percentage of kills by you in the entire game.
 C = Kills by friends in this place as a percentage of kills by friends in the entire game.
 D = Other kills in this place as a percentage of other kills in the entire game.
 E = Experience gained in this place as a percentage of experience gained in the entire game.
 F = Experience gained in this place divided by the number of levels of this place that you have seen.
                   A       B       C       D       E      F
               +-------+-------+-------+-------+-------+----------------------
         Total | 100.0 | 100.0 |   N/A |   N/A | 100.0 |  79.3
       Dungeon | 100.0 | 100.0 |   N/A |   N/A | 100.0 |  79.3
               +-------+-------+-------+-------+-------+----------------------
